Match 23098641
Unlisted

Match 23098641
End
Selects Italian Coastal Battlegroup
Selects Coastal Reserves
Coastal Reserve
Coastal Reserve
Coastal Reserve
Construct Infanterie Kompanie
GrW 34 Mortar Team
MG 42 Machine Gun Team
Construct Panzergrenadier Kompanie
Medical Bunker
Selects Support Bunkers
Selects Designated Artillery Overwatch
Designated Artillery Overwatch
Pak 40 Anti-tank Gun Team
Pak 40 Anti-tank Gun Team
Selects Call the Reserves!
Construct Panzer Kompanie
MG 42 Bunker
Selects Artillery Officer
Panzer IV Medium Tank
Pioneer Squad
Panzer IV Medium Tank
Medical Bunker
Selects Obice da 210/22 Artillery Emplacement
Pioneer Squad
Designated Artillery Overwatch
Stoßtruppen Squad
UH|XTC
Prinsieee
UH|dun! ツ
carpediem
Geheimsache
zugru90
0
0

Comments sign in to comment!

No comments posted yet!